 Dungeon Crawl Stone Soup version 0.29.0-13-gc9e81de378 (webtiles) character file.

Game seed: 6611935897643363655

812 keekatzer the Trooper (level 7, -4/56 HPs)
             Began as a Mummy Fighter on Sept 7, 2022.
             Was an Initiate of Cheibriados.
             Slain by an unseen horror (6 damage)
             ... on level 5 of the Dungeon.
             The game lasted 00:21:55 (3789 turns).

keekatzer the Trooper (Mummy Fighter)               Turns: 3789, Time: 00:21:56

Health: -4/56      AC: 14    Str: 20    XL:     7   Next: 61%
Magic:  8/8        EV: 11    Int:  9    God:    Cheibriados [......]
Gold:   334        SH:  5    Dex: 14    Spells: 4/8 levels left

rFire   x . .      SeeInvis .   a - +0 war axe
rCold   + . .      Faith    .   c - +0 buckler
rNeg    + + +      Spirit   .   u - +4 ring mail
rPois   ∞          Reflect  .   (no helmet)
rElec   .          Harm     .   (no cloak)
rCorr   .          Rampage  .   (no gloves)
Will    +....                   (no boots)
Stlth   ..........              (no amulet)
HPRegen 0.18/turn               m - +4 ring of protection
MPRegen 0.11/turn               k - ring of willpower

@: very slow
A: cold resistance 1, negative energy resistance 3, torment resistance 2, heat
vulnerability 1, no stealth, in touch with death 1, no potions
a: Renounce Religion


You were on level 5 of the Dungeon.
You worshipped Cheibriados.
Cheibriados was noncommittal.
You visited 1 branch of the dungeon, and saw 5 of its levels.

You collected 334 gold pieces.

Inventory:

Hand Weapons
 a - a +0 war axe (weapon)
 t - a +0 great sword
Armour
 b - a +0 scale mail
 c - a +0 buckler (worn)
 u - a +4 ring mail (worn)
Jewellery
 g - a +6 ring of intelligence
 j - a ring of wizardry
 k - a ring of willpower (right hand)
 m - a +4 ring of protection (left hand)
 s - a ring of ice
Scrolls
 d - 2 scrolls of vulnerability
 e - 2 scrolls of poison
 f - 2 scrolls of fear {unknown}
 h - 2 scrolls of teleportation {unknown}
 i - a scroll of silence {unknown}
 l - a scroll of enchant weapon {unknown}
 n - 7 scrolls of identify {unknown}
 o - 2 scrolls of amnesia {unknown}
 p - 2 scrolls of noise {unknown}
 q - a scroll of immolation {unknown}
 r - a scroll of blinking {unknown}


   Skills:
 + Level 5.4 Fighting
 - Level 1.5 Axes
 + Level 4.7 Armour
 + Level 2.4 Dodging
 + Level 3.8 Shields
 * Level 1.2 Spellcasting
 * Level 1.1 Necromancy


You had 4 spell levels left.
You knew the following spells:

 Your Spells              Type           Power      Damage    Failure   Level
a - Vampiric Draining     Necr           3%         2d6       82%         3
b - Necrotise             Necr           12%        1d4       43%         1

Your spell library contained the following spells:

 Spells                   Type           Power      Damage    Failure   Level
 Apportation              Tloc           0%         N/A       61%         1
 Foxfire                  Conj/Fire      0%         2x1d4     61%         1
 Freeze                   Ice            0%         1d3       61%         1
 Slow                     Hex            0%         N/A       61%         1
 Summon Small Mammal      Summ           0%         N/A       61%         1
 Confusing Touch          Hex            0%         N/A       93%         3
 Conjure Flame            Conj/Fire      0%         6-21      93%         3
 Frozen Ramparts          Ice            0%         1d1       93%         3
 Inner Flame              Hex/Fire       0%         N/A       93%         3
 Flame Wave               Conj/Fire      0%         2d4       100%        4
 Hailstorm                Conj/Ice       0%         3d3       100%        4


Dungeon Overview and Level Annotations

Branches:
Dungeon (5/15)
 Temple: D:4-7

Altars:
Ashenzari
Cheibriados
Ru
Sif Muna
Vehumet


Innate Abilities, Weirdness & Mutations

You are immune to poison.
Your flesh is cold resistant. (rC+)
You are immune to negative energy. (rN+++)
You are immune to unholy pain and torment.
You are vulnerable to heat. (rF-)
You cannot be stealthy.
You are in touch with the powers of death.
You do not drink.


Message History

As you read the scroll labelled APTUITYPLE, it crumbles to dust.
Magic quickly surges around you.
It was a scroll of vulnerability.
The air fills with toxic fumes!
As you read the scroll labelled TENWU FIXOKLAL, it crumbles to dust.
It was a scroll of poison.
Prince Ribbit blinks!
p - 2 scrolls labelled GIWKETS ISENK (gained 1) Prince Ribbit is poisoned.
Prince Ribbit blinks!
Prince Ribbit looks even sicker.
Prince Ribbit blinks!
Prince Ribbit is engulfed in poison gas.
Prince Ribbit looks even sicker.
Prince Ribbit is engulfed in poison gas.
Prince Ribbit looks as sick as possible!
You kill Prince Ribbit!
Cheibriados appreciates the change of pace.
Your Spellcasting skill increases to level 1!
Your Necromancy skill increases to level 1!
You start resting.
Magic restored.
You start resting.
You feel your willpower return.
You start resting.
Something hits you but does no damage.
Deactivating autopickup; reactivate with Ctrl-A.
Something hits you. Something hits you but does no damage. Something hits you!
* * * LOW HITPOINT WARNING * * *
Something hits you.
* * * LOW HITPOINT WARNING * * *
You closely miss something. You block something's attack.
Something hits you but does no damage. x2
Something hits you but does no damage. x2
Something hits you!
* * * LOW HITPOINT WARNING * * *
Something hits you but does no damage.
Found a stone staircase leading down.
Something hits you but does no damage.
You slash something!
Something hits you but does no damage. x3
Found 5 gold pieces.
Something hits you.
* * * LOW HITPOINT WARNING * * *
Something hits you but does no damage. Something hits you.
You die...

≈......≈.........................
.#####.≈.........................
#....#.≈........................#
†≈≈≈.#.≈........................#
≈._≈.#.≈....................#####
...≈.#.≈.................[..#
..#.≈.#.≈............##.....
.##.≈.#.≈............# .###
#...≈.#.≈.......@.>.!# .
.≈≈≈≈.#.≈......##.....>. .
≈.....#.≈......##....##.
.######.≈......##......$
#.......≈......##.......
.≈≈≈≈≈≈≈≈......##....#..
....#..........# ##### .
...##.......... ...# .......


There were no monsters in sight!

Vanquished Creatures
  Prince Ribbit (D:5)
  Menkaure (D:4)
  An ogre (D:5)
  A phantom (D:4)
  A necrophage (D:4)
  2 orc priests (D:4)
  2 iguanas (D:5)
  A gnoll (D:4)
  7 adders
  3 worms
  10 orcs
  5 ball pythons
  9 endoplasms
  A giant cockroach (D:1)
  8 hobgoblins
  3 jackals
  7 kobolds
  5 quokkas
  6 bats
  6 frilled lizards
  8 goblins
  6 rats
94 creatures vanquished.

Notes
Turn   | Place    | Note
-------+----------+-------------------------------------------
     0 | D:1      | keekatzer the Mummy Fighter began the quest for the Orb.
     0 | D:1      | Reached XP level 1. HP: 18/18 MP: 1/1
   100 | D:1      | Reached XP level 2. HP: 10/24 MP: 2/2
   729 | D:2      | Gained mutation: You are in touch with the powers of death.
                  | [Mummy growth]
   729 | D:2      | Reached XP level 3. HP: 25/29 MP: 3/3
   967 | D:2      | Reached skill level 1 in Dodging
  1582 | D:3      | Reached XP level 4. HP: 27/35 MP: 4/4
  1787 | D:3      | Found a radiant altar of Vehumet.
  1990 | D:3      | Found a faded altar of an unknown god.
  2108 | D:3      | Prayed at the altar of an unknown god.
  2108 | D:3      | Became a worshipper of Ru the Awakened
  2127 | D:4      | Gained mutation: You cannot be stealthy. [Ru sacrifice]
  2200 | D:4      | Reached XP level 5. HP: 28/42 MP: 5/5
  2204 | D:4      | Reached skill level 4 in Fighting
  2632 | D:4      | Noticed Menkaure
  2634 | D:4      | Noticed a phantom
  2665 | D:4      | Killed Menkaure
  2666 | D:4      | Reached XP level 6. HP: 27/49 MP: 6/6
  3030 | D:5      | Entered Level 5 of the Dungeon
  3192 | D:5      | Reached skill level 5 in Fighting
  3192 | D:5      | Reached XP level 7. HP: 35/56 MP: 7/7
  3527 | D:5      | Found a shimmering blue altar of Sif Muna.
  3575 | D:5      | Found a snail-covered altar of Cheibriados.
  3586 | D:5      | Found a broken altar of Ashenzari.
  3601 | D:5      | Fell from the grace of Ru
  3601 | D:5      | Became a worshipper of Cheibriados the Contemplative
  3606 | D:5      | Learned a level 3 spell: Vampiric Draining
  3608 | D:5      | Learned a level 1 spell: Necrotise
  3635 | D:5      | Noticed Prince Ribbit
  3658 | D:5      | HP: 2/56 [Prince Ribbit (14)]
  3666 | D:5      | Killed Prince Ribbit
  3667 | D:5      | Reached skill level 1 in Spellcasting
  3667 | D:5      | Reached skill level 1 in Necromancy
  3789 | D:5      | HP: 2/56 [something (3)]
  3789 | D:5      | Slain by an unseen horror

Illustrated notes

Levels and vault maps discovered:
D:1:      roderic_crossed_star, layout_basic, minmay_misc_feat_room
D:2:      minmay_recursive_quarters, layout_basic, basic_altar
D:3:      layout_basic, general_overflow_altar,
          chequers_ecumenical_altar_simple, minmay_misc_feat_enclosed,
          kennysheep_generic_room_6
D:4:      layout_rooms, minmay_close_crescents, uniq_menkaure
D:5:      layout_rooms, nicolae_sif_muna_little_library,
          nicolae_overflow_squiral, uniq_prince_ribbit1

Skill      XL: |  1  2  3  4  5  6  7 |
---------------+----------------------+-----
Dodging        | 1 2 |  2.4
Armour         | 3 4 |  4.7
Shields        | 3 |  3.8
Fighting       | 4 5 |  5.4
Spellcasting   | 1 |  1.2
Necromancy     | 1 |  1.1
Axes           | |  1.5

Action                   |  1- 3 |  4- 6 |  7- 9 || total
-------------------------+-------+-------+-------++-------
Melee: War axe           |   156 |   156 |    38 ||   350
 Cast: Necrotise         |       |       |     2 ||     2
Invok: Sacrifice Stealth |       |     1 |       ||     1
  Use: Scroll            |       |       |     2 ||     2
Armor: Scale mail        |   105 |    81 |       ||   186
       Ring mail         |       |       |    47 ||    47
Dodge: Dodged            |    90 |    85 |    24 ||   199
Block: Buckler           |    35 |    42 |     8 ||    85
